 Dungeon Crawl Stone Soup version 0.17.1-1-g73c8601 (webtiles) character file.

195 Mysteryquy the Vexing (level 5, -2/36 HPs)
             Began as a Vampire Enchanter on Jan 7, 2016.
             Killed by divine providence
             ... invoked by an orc priest
              (14 damage)
             ... on level 4 of the Dungeon.
             The game lasted 00:07:16 (3678 turns).

Mysteryquy the Vexing (Vampire Enchanter)           Turns: 3678, Time: 00:07:16

Health: -2/36      AC:  6    Str:  7    XL:     5   Next: 45%
Magic:  0/8        EV: 12    Int: 19    God:
Gold:   188        SH:  0    Dex: 14    Spells: 2 memorised, 5 levels left

rFire  . . .     SeeInvis +     a - +1 dagger
rCold  + . .     Clarity  .     b - +1 robe
rNeg   + + .     SustAt   .     (no shield)
rPois  +         Gourm    .     q - +2 hat {SInv}
rElec  .         Spirit   .     w - -1 cloak (curse)
rCorr  .         Warding  .     D - +0 pair of gloves
rMut   .         Stasis   .     (no boots)
MR     .....                    (no amulet)
Stlth  ++++......               (no ring)
                                (no ring)

@: very slightly contaminated, regenerating slowly, not resistant to hostile
enchantments, stealthy
A: fangs 3, see invisible, unbreathing
a: Bat Form


You were on level 4 of the Dungeon.
You were very thirsty.

You visited 1 branch of the dungeon, and saw 4 of its levels.

You collected 188 gold pieces.

Inventory:

Hand Weapons
 a - a +1 dagger (weapon)
Armour
 b - a +1 robe (worn)
 q - a +2 hat of see invisible (worn)
 w - a cursed -1 cloak (worn)
 D - a +0 pair of gloves (worn)
Jewellery
 d - a +5 ring of intelligence {unknown}
 u - an uncursed ring of protection from magic {unknown}
 v - a +2 ring of protection {unknown}
 y - an uncursed amulet of the gourmand {unknown}
 B - an uncursed ring of positive energy {unknown}
 C - a +2 ring of dexterity {unknown}
Wands
 E - a wand of random effects (24)
Scrolls
 e - 3 scrolls of remove curse {unknown}
 h - 2 scrolls of magic mapping {unknown}
 i - 2 scrolls of immolation {unknown}
 j - a scroll of enchant armour {unknown}
 k - a scroll of random uselessness {unknown}
 l - a scroll of noise {unknown}
 r - a scroll of teleportation {unknown}
 s - 2 scrolls of identify {unknown}
 z - a scroll of recharging {unknown}
Potions
 f - 2 potions of lignification {unknown}
 g - a potion of might {unknown}
 m - 2 potions of invisibility {unknown}
 n - a potion of curing {unknown}
 o - a potion of heal wounds {unknown}
 p - 4 potions of poison {unknown}
 t - a potion of degeneration {unknown}
 x - 2 potions of brilliance {unknown}
 A - a potion of agility {unknown}
 F - a potion of haste {unknown}
Books
 c - a book of Maledictions

   Spells                             Type                      Level
   a - Corona                         Hexes                        1
   b - Ensorcelled Hibernation        Hexes/Ice                    2
   c - Confuse                        Hexes                        3
   d - Tukima's Dance                 Hexes                        3
   e - Dazzling Spray                 Conjuration/Hexes            3


   Skills:
 + Level 0.6 Fighting
 + Level 1.3 Short Blades
 - Level 2.1 Dodging
 + Level 5.7 Stealth
 + Level 2.2 Spellcasting
 + Level 7.5 Hexes
 + Level 1.2 Ice Magic


You had 5 spell levels left.
You knew the following spells:

 Your Spells              Type           Power        Failure   Level  Hunger
a - Corona                Hex            ####...      1%          1    #......
b - Ensorcelled Hibernat  Hex/Ice        ###...       6%          2    ##.....


Dungeon Overview and Level Annotations

Branches:
Dungeon (4/15)
 Temple: D:4-7

Altars:
Nemelex Xobeh
Xom
Zin


Innate Abilities, Weirdness & Mutations

You heal slowly.
You have razor-sharp teeth.
You have supernaturally acute eyesight.
You can survive without breathing.


Message History

You don't have enough magic to cast that spell.
You hit the orc priest. You bite the orc priest.
You draw the orc priest's blood!
You feel better.
You are feeling very thirsty.
The orc priest is heavily wounded.
The orc priest calls down the wrath of Beogh upon you.
Something smites you!
Things that are here:
a trident; an orc corpse
Things that are here:
an enchanted short sword; a leather armour
Casting: Ensorcelled Hibernation
Confirm with . or Enter, or press ? or * to list all spells.
Aiming: Ensorcelled Hibernation
Press: ? - help, Shift-Dir - straight line, f/p - orc priest
Aim: an orc priest, wielding a whip (heavily wounded, chance to defeat MR: 49%)
The orc priest resists with some effort.
The orc priest mumbles some strange prayers to Beogh against you.
Something smites you!
You die...

#. #. #.# #.#
#########
######.######
#...o..oo
............# #.#
####...###.# #.#
#..>..##.###)#####
##...###..@o.....#
##.## #####.###.#
#.# #... #.# #####
##'## ##...## #
##.....## ##
##.......#
.####.........#


You could see an orc priest.

Vanquished Creatures
  An orc priest (D:4)
  An orc wizard (D:3)
  A hound skeleton (D:4)
  4 adders
  3 worms
  3 giant geckos (D:3)
  9 orcs
  8 bats
  3 giant cockroaches
  6 goblins
  10 hobgoblins
  3 ball pythons
  9 jackals (D:1)
  4 kobolds
  A quokka (D:4)
  5 rats
71 creatures vanquished.

Notes
Turn   | Place    | Note
--------------------------------------------------------------
     0 | D:1      | Mysteryquy the Vampire Enchanter began the quest for the Orb.
     0 | D:1      | Reached XP level 1. HP: 13/13 MP: 3/3
   205 | D:1      | Reached skill level 5 in Hexes
   255 | D:1      | Reached XP level 2. HP: 19/19 MP: 5/5
   409 | D:1      | Learned a level 2 spell: Ensorcelled Hibernation
  1380 | D:1      | Reached skill level 6 in Hexes
  1458 | D:1      | Reached XP level 3. HP: 24/24 MP: 6/6
  1958 | D:2      | Found a sparkling altar of Nemelex Xobeh.
  2560 | D:3      | Reached XP level 4. HP: 31/31 MP: 2/7
  2664 | D:3      | Reached skill level 7 in Hexes
  2883 | D:3      | Found a glowing silver altar of Zin.
  3229 | D:3      | Reached skill level 1 in Ice Magic
  3237 | D:3      | Reached skill level 5 in Stealth
  3377 | D:3      | Found a shimmering altar of Xom.
  3475 | D:4      | Reached XP level 5. HP: 34/36 MP: 6/8
  3678 | D:4      | Killed from afar by an orc priest

Action                   |  1- 3 |  4- 6 || total
-------------------------+-------+-------++-------
Melee: Dagger            |    72 |    52 ||   124
 Cast: Corona            |     4 |       ||     4
       Ensorcelled Hiber |    15 |    26 ||    41
 Stab: Sleeping          |    24 |    26 ||    50
       Distracted        |     1 |       ||     1
